 Dungeon Crawl Stone Soup version 0.29.1-12-g30fa7ad0bf (webtiles) character file.

Game seed: 12982047533804343407

6454 holycorn the Severer (level 10, 0/88 HPs)
             Began as a Minotaur Berserker on Dec 27, 2022.
             Was an Elder of Trog.
             Slain by an orc knight
             ... wielding a +0 great sword
              (26 damage)
             ... on level 8 of the Dungeon.
             The game lasted 00:13:18 (8735 turns).

holycorn the Severer (Minotaur Berserker)           Turns: 8735, Time: 00:13:18

Health: 0/88       AC: 19    Str: 26    XL:     10   Next: 67%
Magic:  9/9        EV:  8    Int:  4    God:    Trog [****..]
Gold:   514        SH:  0    Dex: 10    Spells: 9/9 levels left

rFire   . . .      SeeInvis .   G - +0 battleaxe
rCold   . . .      Faith    .   (shield currently unavailable)
rNeg    . . .      Spirit   .   i - +0 plate armour
rPois   .          Reflect  .   q - +2 hat
rElec   .          Harm     .   (no cloak)
rCorr   +          Rampage  .   o - +0 pair of gloves
Will    .....                   B - +0 pair of boots
Stlth   ..........              t - amulet of the acrobat
HPRegen 0.24/turn               g - ring of resist corrosion
MPRegen 0.11/turn               (no ring)

@: no status effects
A: horns 2, retaliatory headbutt
a: Renounce Religion, Berserk, Trog's Hand, Brothers in Arms


You were on level 8 of the Dungeon.
You worshipped Trog.
Trog was greatly pleased with you.
You visited 1 branch of the dungeon, and saw 8 of its levels.

You collected 514 gold pieces.

Inventory:

Hand Weapons
 a - a +1 hand axe
 C - a +4 hand axe
 G - a +0 battleaxe (weapon)
Missiles
 p - a throwing net (quivered)
Armour
 b - a +0 animal skin
 i - a +0 plate armour (worn)
 o - a +0 pair of gloves (worn)
 q - a +2 hat (worn)
 B - a +0 pair of boots (worn)
Jewellery
 g - a ring of resist corrosion (left hand)
 t - an amulet of the acrobat (around neck)
 H - a ring of flight
Wands
 x - a wand of digging (5)
 E - a wand of acid (8)
Scrolls
 d - a scroll of enchant armour
 e - 9 scrolls of identify
 h - 2 scrolls of enchant weapon
 k - 3 scrolls of teleportation
 r - a scroll of butterflies
 v - 3 scrolls of vulnerability
 y - a scroll of magic mapping
 F - a scroll of torment {unknown}
Potions
 c - a potion of brilliance
 f - 2 potions of attraction {unknown}
 j - 4 potions of might {unknown}
 l - 2 potions of ambrosia {unknown}
 m - a potion of resistance {unknown}
 n - 2 potions of magic {unknown}
 s - 3 potions of curing {unknown}
 u - 4 potions of heal wounds {unknown}
 w - 4 potions of degeneration {unknown}
 z - 2 potions of berserk rage {unknown}
 A - 2 potions of cancellation {unknown}
 D - 2 potions of invisibility {unknown}


   Skills:
 + Level 8.1 Fighting
 * Level 15.4 Axes
 + Level 10.1 Armour
 - Level 2.2 Dodging


You had 9 spell levels left.
You didn't know any spells.
Your spell library was empty.

Dungeon Overview and Level Annotations

Branches:
Dungeon (8/15)             Temple (0/1) D:4
   Lair: D:8-11

Altars:
Cheibriados
Elyvilon
Kikubaaqudgha
Qazlal

Shops:
D:1 (

Annotations:
D:8 2 transporters, Jingleheimer's ghost, novice DsGl


Innate Abilities, Weirdness & Mutations

You have a pair of horns on your head.
You reflexively headbutt those who attack you in melee.


Message History

It stops flaming.
The centaur warrior completely misses you.
The centaur warrior barely misses you.
The centaur warrior hits you but does no damage.
The centaur warrior kicks you but does no damage.
You hit the centaur warrior.
Your headbutt misses the centaur warrior.
The centaur warrior is lightly wounded.
The centaur warrior hits you but does no damage.
The centaur warrior kicks you but does no damage.
You slice the centaur warrior!!
The centaur warrior is heavily wounded.
The centaur warrior hits you. The centaur warrior barely misses you.
You slash the centaur warrior! You headbutt the centaur warrior.
The centaur warrior is severely wounded.
The centaur warrior hits you. The centaur warrior barely misses you.
The centaur warrior hits you but does no damage.
The centaur warrior kicks you.
You slice the centaur warrior!!
You kill the centaur warrior!
Trog accepts your kill.
Your Fighting skill increases to level 8!
Your Armour skill increases to level 10!
Things that are here:
a +0 longbow of flaming; a centaur corpse As you open the door, it creaks loudly!
You slash the orc knight!
The orc knight is moderately wounded.
The orc knight hits you with a +0 great sword!
You slash the orc knight!
The orc knight is heavily wounded.
The orc knight hits you with a +0 great sword!!
* * * LOW HITPOINT WARNING * * *
You hit the orc knight but do no damage.
Your headbutt misses the orc knight.
The orc knight is heavily wounded.
You closely miss the orc knight. You headbutt the orc knight!
The orc knight is heavily wounded.
The orc knight hits you with a +0 great sword!!
You die...

#############
#...#...#...#
#.†.'...')..#
#...#...#...#
##'#######'##
#...#!.[#...#
#...#...o@).#
#...#!.$#...#+###
##'##########...#
#...#...#...#...#........#
#...'...'...'...#.......##
#...#...#...#...#.......#8
#############...#.......#.
#.......#...#.......#.
#.......+...#......©#.


You could see an orc knight.

Vanquished Creatures
  Gastronok (D:8)
  A boulder beetle (D:8)
  A centaur warrior (D:8)
  A deep elf pyromancer (D:8)
  A troll (D:8)
  A basilisk (D:8)
  2 vampire mosquitoes (D:8)
  An acid dragon (D:8)
  2 water moccasins
  2 orc warriors (D:7)
  A sky beast (D:7)
  A black bear (D:5)
  4 ogres
  5 phantoms
  A centaur (D:6)
  A kobold brigand (D:7)
  A bullfrog (D:7)
  5 scorpions
  5 wights (D:6)
  A howler monkey (D:8)
  6 hounds
  2 jellies
  6 orc priests
  6 iguanas
  4 orc wizards
  Robin (D:4)
  14 gnolls
  5 adders
  A shadow imp (D:7)
  3 white imps
  A worm (D:3)
  4 dart slugs
  23 orcs
  6 endoplasms
  5 giant cockroaches
  12 goblins
  10 hobgoblins
  2 quokkas
  8 ball pythons
  2 bats
  3 frilled lizards
  3 kobolds
  6 rats
171 creatures vanquished.

Notes
Turn   | Place    | Note
-------+----------+-------------------------------------------
     0 | D:1      | holycorn the Minotaur Berserker began the quest for the
                  | Orb.
     0 | D:1      | Reached XP level 1. HP: 19/19 MP: 0/0
    34 | D:1      | Found a faded altar of an unknown god.
   297 | D:1      | Reached skill level 4 in Axes
   349 | D:1      | Reached XP level 2. HP: 22/27 MP: 1/1
   493 | D:1      | Found Daef's Antique Weapon Boutique.
   839 | D:2      | Reached XP level 3. HP: 33/33 MP: 2/2
   933 | D:2      | HP: 2/51 [gnoll/+0 halberd (7)]
   936 | D:2      | Reached skill level 5 in Axes
  1402 | D:2      | Reached ** piety under Trog
  1403 | D:2      | Reached XP level 4. HP: 34/41 MP: 3/3
  2481 | D:3      | Reached XP level 5. HP: 47/47 MP: 4/4
  2689 | D:4      | Reached skill level 6 in Axes
  2732 | D:4      | Found a staircase to the Ecumenical Temple.
  2758 | D:4      | Reached skill level 5 in Fighting
  2819 | D:4      | Reached XP level 6. HP: 56/56 MP: 5/5
  2826 | D:4      | Reached skill level 7 in Axes
  2967 | D:4      | Noticed Robin
  2981 | D:4      | Killed Robin
  3056 | D:4      | Reached *** piety under Trog
  3075 | D:4      | Reached XP level 7. HP: 51/61 MP: 6/6
  3164 | D:4      | Reached skill level 8 in Axes
  3705 | D:5      | Entered Level 5 of the Dungeon
  3828 | D:5      | Found a stormy altar of Qazlal.
  3864 | D:5      | Reached skill level 5 in Armour
  3996 | D:5      | Reached skill level 9 in Axes
  4494 | D:5      | Reached XP level 8. HP: 70/70 MP: 7/7
  4551 | D:5      | Reached skill level 10 in Axes
  4927 | D:5      | Found a snail-covered altar of Cheibriados.
  5047 | D:5      | Found an ancient bone altar of Kikubaaqudgha.
  5047 | D:5      | Found a white marble altar of Elyvilon.
  5498 | D:6      | Identified the +1 leather armour "Wischuqicu" {Harm rN+
                  | MP+9 Int+4}
  5589 | D:6      | Reached skill level 11 in Axes
  6043 | D:6      | Reached XP level 9. HP: 78/78 MP: 8/8
  6823 | D:7      | Reached **** piety under Trog
  6827 | D:7      | Reached skill level 12 in Axes
  7569 | D:8      | Noticed Gastronok
  7584 | D:8      | Killed Gastronok
  7585 | D:8      | Reached skill level 13 in Axes
  7585 | D:8      | Reached XP level 10. HP: 10/86 MP: 9/9
  8127 | D:8      | Found a transporter.
  8129 | D:8      | Noticed Jingleheimer's ghost (novice DsGl)
  8138 | D:8      | Found a transporter.
  8178 | D:8      | Reached skill level 14 in Axes
  8546 | D:8      | Noticed a boulder beetle
  8560 | D:8      | Killed a boulder beetle
  8711 | D:8      | Noticed an orc knight
  8714 | D:8      | Noticed a deep elf pyromancer
  8718 | D:8      | Killed a deep elf pyromancer
  8719 | D:8      | Reached skill level 15 in Axes
  8722 | D:8      | Noticed a centaur warrior
  8728 | D:8      | Killed a centaur warrior
  8729 | D:8      | Reached skill level 10 in Armour
  8735 | D:8      | Slain by an orc knight

Illustrated notes

Levels and vault maps discovered:
D:1:      psy_arrival_statuary, layout_rooms, serial_shops,
          nicolae_lakefront_shop, basic_ecumenical_altar, minmay_tiny_reverse_x
D:2:      layout_loops_ring
D:3:      layout_rooms
D:4:      layout_basic, minmay_temple_entry_statues_pillars, hex_medium,
          kennysheep_nub, uniq_robin
D:5:      layout_loops_corners, kennysheep_little_box, lemuel_tele_altar,
          gammafunk_temple_overflow_statue, minmay_fractal_squares_5
D:6:      layout_basic, serial_park_tiny_1, kennysheep_generic_room_5
D:7:      layout_basic, minmay_checkerbox
D:8:      layout_gridville, special_room [special_room_orc],
          gammafunk_ghost_arena, nicolae_ossuary_entry_ruins, minmay_evil_grid,
          uniq_joseph, uniq_gastronok

Skill      XL: |  1  2  3  4  5  6  7  8  9 10 |
---------------+-------------------------------+-----
Axes           | 4 5 6 7 9 11 13 15 | 15.4
Fighting       | 4 5 6 7 8 |  8.1
Armour         | 3 4 5 7 9 10 | 10.1
Dodging        | |  2.2

Action                   |  1- 3 |  4- 6 |  7- 9 | 10-12 || total
-------------------------+-------+-------+-------+-------++-------
Melee: Hand axe          |    63 |   149 |   220 |       ||   432
       Headbutt          |    10 |    31 |    57 |    14 ||   112
       Punch             |       |     1 |     5 |       ||     6
       Battleaxe         |       |       |    50 |    50 ||   100
Invok: Berserk           |     1 |     3 |     3 |       ||     7
  Use: Scroll            |       |       |    10 |       ||    10
Armor: Animal skin       |     5 |       |       |       ||     5
       Plate armour      |    27 |    65 |   135 |    21 ||   248
Dodge: Dodged            |    31 |    42 |    98 |    29 ||   200
